 Dungeon Crawl Stone Soup version 0.28.0-43-g3370ac3207 (webtiles) character file.

Game seed: 12974107998718605521

9 terff the Grave Robber (level 2, 0/19 HPs)
             Began as a Vampire Necromancer on Mar 21, 2022.
             Slain by a rat (3 damage)
             ... on level 1 of the Dungeon.
             The game lasted 00:01:11 (279 turns).

terff the Grave Robber (Vampire Necromancer)         Turns: 279, Time: 00:01:13

Health: 0/19       AC:  2    Str:  7    XL:     2   Next: 3%
Magic:  1/5        EV: 12    Int: 17    God:
Gold:   9          SH:  0    Dex: 14    Spells: 4/5 levels left

rFire   . . .      SeeInvis +   d - +0 dagger
rCold   . . .      Faith    .   (no shield)
rNeg    . . .      Spirit   .   a - +0 robe
rPois   .          Reflect  .   (no helmet)
rElec   .          Harm     .   (no cloak)
rCorr   .          Rampage  .   (no gloves)
Will    .....                   (no boots)
Stlth   ++........              (no amulet)
HPRegen 0.26/turn               (no ring)
MPRegen 0.09/turn               (no ring)

@: healing quickly
A: alive, fangs 3, see invisible, vampiric 1
a: Exsanguinate


You were on level 1 of the Dungeon.
You visited 1 branch of the dungeon, and saw 1 of its levels.

You collected 9 gold pieces.

Inventory:

Hand Weapons
 d - a +0 dagger (weapon)
Armour
 a - a +0 robe (worn)
Scrolls
 c - a scroll of blinking {unknown}
Potions
 b - a potion of brilliance {unknown}


   Skills:
 + Level 2.2 Dodging
 + Level 3.0 Stealth
 + Level 2.0 Spellcasting
 + Level 4.9 Necromancy


You had 4 spell levels left.
You knew the following spells:

 Your Spells              Type           Power      Damage    Failure   Level
a - Pain                  Necr           72%        1d7       2%          1

Your spell library contained the following spells:

 Spells                   Type           Power      Damage    Failure   Level
 Animate Skeleton         Necr           36%        N/A       2%          1
 Vampiric Draining        Necr           18%        2d7       8%          3
 Animate Dead             Necr           9%         N/A       26%         4
 Agony                    Necr           18%        N/A       58%         5


Dungeon Overview and Level Annotations

Branches:
Dungeon (1/15)

Altars:


Innate Abilities, Weirdness & Mutations

Your natural rate of healing is accelerated.
You have razor-sharp teeth.
You have supernaturally acute eyesight. (SInv)
You are afflicted with vampirism.


Message History

You barely miss the ball python. Your bite misses the ball python.
The ball python is moderately wounded.
The ball python bites you. The ball python constricts you. The rat bites you.
You barely miss the ball python.
The ball python is moderately wounded.
The ball python barely misses you. The ball python constricts you.
The rat bites you but does no damage.
You escape the ball python's grasp.
The rat barely misses you. The rat bites you.
Casting: Pain (safe; 2% risk of failure)
Confirm with . or Enter, or press ? or * to list all spells.
Aiming: Pain (safe; 2% risk of failure)
Press: ? - help, Shift-Dir - straight line, f - endoplasm
Aim: an endoplasm (chance to affect: 88%)
The endoplasm writhes in agony.
The ball python bites you. The ball python grabs you.
The ball python constricts you. The endoplasm freezes you.
You are frozen.
Casting: Pain (safe; 2% risk of failure)
Confirm with . or Enter, or press ? or * to list all spells.
Aiming: Pain (safe; 2% risk of failure)
Press: ? - help, Shift-Dir - straight line, f/p - endoplasm
Aim: an endoplasm (moderately wounded, chance to affect: 88%)
The endoplasm writhes in agony.
The ball python bites you but does no damage.
The ball python constricts you. The endoplasm freezes you.
You are frozen.
The ball python closely misses you. The ball python constricts you.
The rat bites you.
* * * LOW HITPOINT WARNING * * *
You escape the ball python's grasp.
Casting: Pain (safe; 2% risk of failure)
Confirm with . or Enter, or press ? or * to list all spells.
Aiming: Pain (safe; 2% risk of failure)
Press: ? - help, Shift-Dir - straight line, f/p - endoplasm
Aim: an endoplasm (heavily wounded, chance to affect: 88%)
The endoplasm writhes in agony!
You kill the endoplasm!
The rat bites you.
You die...

#.............
####.........?...
#...............#
##.##............# #
#.................
#.#.###..#.......... ....
#...#§#..#...................
#...###.##.rS................
#.#.........@.#..............
##.####........#.......#......
#.....'........+.......#......
#######........#..............
#........##.............
##......###.............
#......###.......#...†.
#.......##.......#.....
#..............####.#..


You could see a ball python and a rat.

Vanquished Creatures
  A ball python (D:1)
  An endoplasm (D:1)
  A giant cockroach (D:1)
  2 goblins (D:1)
  2 hobgoblins (D:1)
  A frilled lizard (D:1)
8 creatures vanquished.

Notes
Turn   | Place    | Note
-------+----------+-------------------------------------------
     0 | D:1      | terff the Vampire Necromancer began the quest for the Orb.
     0 | D:1      | Reached XP level 1. HP: 13/13 MP: 3/3
   170 | D:1      | Found a faded altar of an unknown god.
   244 | D:1      | Reached XP level 2. HP: 17/19 MP: 1/5
   279 | D:1      | Slain by a rat

Illustrated notes

Levels and vault maps discovered:
D:1:      psy_arrival_conway, layout_basic, dreamdust_ecumenical_altar_statues,
          feat_on_display

Action                   || total
-------------------------++-------
Melee: Unarmed           ||    14
       Dagger            ||    13
       Bite              ||     1
 Cast: Pain              ||    11
Armor: Robe              ||     6
Dodge: Dodged            ||    17
